[Event "FIDE World Cup O12-TB 2024"]
[Site "Batumi"]
[Date "2024.07.02"]
[Round "2.22"]
[White "Todua, Andria"]
[Black "Atar, Semih Akif"]
[Result "1/2-1/2"]
[ECO "D00"]
[WhiteElo "1599"]
[BlackElo "1660"]
[Annotator "NA RC"]
[PlyCount "64"]
[EventDate "2024.06.23"]
[EventType "swiss"]
[EventCountry "GEO"]
[SourceTitle "playchess.com"]
[Source "ChessBase"]
[SourceQuality "1"]
[TimeControl "5400+30"]

1. d4 d5 2. Nc3 Nf6 3. Bf4 a6 4. e3 Bf5 5. Nf3 e6 6. Bd3 Bxd3 7. Qxd3 Nbd7 8. O-O h6 9. Rfb1 Nh5 10. Bg3 Nxg3 11. hxg3 c5 12. a3 Bd6 13. b4 cxd4 14. exd4 Nb6 15. Nd2 Rc8 16. a4 Nc4 17. a5 Qc7 18. Rb3 O-O 19. b5 Nxd2 20. Qxd2 Bb4 21. Rxb4 Qxc3 22. Qxc3 Rxc3 23. bxa6 bxa6 24. Rb6 Ra8 25. Rab1 Ra3 26. Kf1 Rxa5 27. Ke2 Ra4 28. Kd3 Rc8 29. Rb8 Rac4 30. Rxc8+ Rxc8 31. Ra1 Ra8 32. Ra5 Kh7 1/2-1/2

[Event "FIDE World Cup O12-TB 2024"]
[Site "Batumi"]
[Date "2024.07.02"]
[Round "2.23"]
[White "Khubuluri, Zaal"]
[Black "Lee, Daniel Joshua"]
[Result "1-0"]
[ECO "C54"]
[WhiteElo "1501"]
[BlackElo "1717"]
[Annotator "NA RC"]
[PlyCount "107"]
[EventDate "2024.06.23"]
[EventType "swiss"]
[EventCountry "GEO"]
[SourceTitle "playchess.com"]
[Source "ChessBase"]
[SourceQuality "1"]
[TimeControl "5400+30"]

1. e4 e5 2. Nf3 Nc6 3. d4 exd4 4. Bc4 Bc5 5. c3 Nf6 6. e5 d5 7. Bb5 Ne4 8. cxd4 Bb4+ 9. Nbd2 O-O 10. O-O Bg4 11. Nb3 f6 12. Be2 fxe5 13. Nxe5 Bxe2 14. Qxe2 Nxe5 15. dxe5 Qe7 16. f3 Nc5 17. Nd4 Nd7 18. f4 Bc5 19. Be3 Bxd4 20. Bxd4 c5 21. Bc3 d4 22. Bd2 Nb6 23. f5 Rae8 24. Rae1 Qd7 25. e6 Qd5 26. Qg4 Kh8 27. Bg5 d3 28. f6 gxf6 29. Bxf6+ Rxf6 30. Rxf6 d2 31. Ref1 Qd4+ 32. Qxd4 cxd4 33. Rf8+ Rxf8 34. Rxf8+ Kg7 35. Rf1 Nd5 36. Rd1 Kf6 37. Rxd2 Kxe6 38. Rxd4 Ke5 39. Rh4 Nf6 40. Kf2 h5 41. Kf3 a5 42. b4 axb4 43. Rxb4 Nd5 44. Rxb7 Nc3 45. a3 Kd4 46. a4 Kd5 47. Rb5+ Nxb5 48. axb5 Kc5 49. Kf4 Kxb5 50. Kg5 Kc5 51. Kxh5 Kd5 52. Kg6 Ke6 53. h4 Ke7 54. Kg7 1-0

[Event "FIDE World Cup O12-TB 2024"]
[Site "Batumi"]
[Date "2024.07.02"]
[Round "2.24"]
[White "Tavberidze, Alexandre"]
[Black "Cronje, Johannes Christiaan"]
[Result "1-0"]
[ECO "B13"]
[WhiteElo "1529"]
[BlackElo "1504"]
[Annotator "NA RC"]
[PlyCount "115"]
[EventDate "2024.06.23"]
[EventType "swiss"]
[EventCountry "GEO"]
[SourceTitle "playchess.com"]
[Source "ChessBase"]
[SourceQuality "1"]
[TimeControl "5400+30"]

1. e4 c6 2. d4 d5 3. exd5 cxd5 4. c4 Nf6 5. Nc3 Bf5 6. Nf3 e6 7. Bg5 Be7 8. Be2 dxc4 9. Bxc4 O-O 10. O-O Na6 11. a3 Nc7 12. Ne5 h6 13. Bh4 Rc8 14. Be2 Nfd5 15. Bxe7 Qxe7 16. Nxd5 Nxd5 17. Bd3 Qg5 18. Bxf5 Qxf5 19. Rc1 Qg5 20. Nf3 Qg6 21. Qd2 Rfd8 22. Rxc8 Rxc8 23. Rc1 Rxc1+ 24. Qxc1 Nf4 25. Qf1 f6 26. g3 Qg4 27. Nd2 Ne2+ 28. Kg2 Nxd4 29. Qc4 f5 30. h3 Qg5 31. Qxd4 e5 32. Qd5+ Kh7 33. Nf3 Qe7 34. Qxe5 Qd7 35. Nd4 g6 36. Ne6 Qe7 37. Qc7 Qxc7 38. Nxc7 a6 39. Ne6 b5 40. Nc7 a5 41. Nxb5 Kg7 42. b4 axb4 43. axb4 Kf7 44. f4 Ke7 45. Nd4 Kd8 46. g4 fxg4 47. hxg4 Kc7 48. f5 gxf5 49. gxf5 Kb6 50. f6 Kc7 51. f7 Kd6 52. f8=Q+ Kc7 53. Qe7+ Kb6 54. Qd6+ Kb7 55. Qc6+ Ka7 56. Nb5+ Kb8 57. Qc7+ Ka8 58. Qa7# 1-0